 Dungeon Crawl Stone Soup version 0.26.1-2-gb8aa6d0cf2 (webtiles) character file.

Game seed: 16811443017209473436

154 oldmanjim the Conjurer (level 5, 0/38 HPs)
             Began as a Draconian Conjurer on Mar 23, 2021.
             Slain by an ice beast (8 damage)
             ... on level 4 of the Dungeon.
             The game lasted 00:27:20 (5097 turns).

oldmanjim the Conjurer (Draconian Conjurer)         Turns: 5097, Time: 00:27:20

Health: 0/38       AC:  5    Str:  9    XL:     5   Next: 13%
Magic:  3/9        EV: 12    Int: 20    God:
Gold:   203        SH:  0    Dex:  9    Spells: 6/9 levels left

rFire    . . .     SeeInvis .   b - +0 dagger
rCold    . . .     Faith    .   (no shield)
rNeg     . . .     Spirit   .   (armour unavailable)
rPois    .         Reflect  .   (helmet restricted)
rElec    .         Harm     .   (no cloak)
rCorr    .         Rampage  .   (no gloves)
Will     .....                  (no boots)
Stlth    ++........             (no amulet)
HPRegen  0.12/turn              (no ring)
MPRegen  0.11/turn              (no ring)

@: slowed, very slow
A: unfitting armour, cold-blooded, AC +5
a: no special abilities


You were on level 4 of the Dungeon.
You visited 1 branch of the dungeon, and saw 4 of its levels.

You collected 203 gold pieces.

Inventory:

Hand Weapons
 a - a +1 short sword of speed
 b - a +0 dagger (weapon)
Missiles
 m - 4 poisoned darts
Scrolls
 c - 2 scrolls of magic mapping {unknown}
 e - 9 scrolls of identify {unknown}
 f - a scroll of blinking {unknown}
 g - 4 scrolls of teleportation {unknown}
 l - a scroll of immolation {unknown}
 o - 2 scrolls of remove curse {unknown}
 q - a scroll of enchant armour {unknown}
Potions
 d - a potion of brilliance {unknown}
 h - a potion of curing {unknown}
 i - a potion of attraction {unknown}
 j - a potion of might {unknown}
 k - a potion of invisibility {unknown}
 n - a potion of haste {unknown}
 p - a potion of heal wounds {unknown}


   Skills:
 - Level 2.0 Dodging
 + Level 2.8 Stealth
 + Level 2.8 Spellcasting
 * Level 5.4 Conjurations


You had 6 spell levels left.
You knew the following spells:

 Your Spells              Type           Power        Failure   Level
a - Magic Dart            Conj           96%          1%          1
b - Searing Ray           Conj           48%          2%          2

Your spell library contained the following spells:

 Spells                   Type           Power        Failure   Level
 Animate Skeleton         Necr           4%           14%         1
 Apportation              Tloc           4%           14%         1
 Corona                   Hex            2%           14%         1
 Summon Small Mammal      Summ           8%           14%         1
 Dazzling Flash           Conj/Hex       26%          14%         3
 Fulminant Prism          Conj/Hex       6%           43%         4
 Iskenderun's Mystic Bla  Conj/Tloc      13%          43%         4


Dungeon Overview and Level Annotations

Branches:
Dungeon (4/15)
 Temple: D:4-7

Altars:

Shops:
D:4 (

Annotations:
D:4 2 transporters


Innate Abilities, Weirdness & Mutations

Your plain brown scales are hard. (AC +5)
You cannot fit into any form of body armour.
You are cold-blooded and may be slowed by cold attacks.


Message History

The ice beast hits you. The ice beast freezes you!
You feel as though you will be slow longer.
* * * LOW HITPOINT WARNING * * *
Casting: Searing Ray (safe; 2% risk of failure)
Confirm with . or Enter, or press ? or * to list all spells.
Aiming: Searing Ray (safe; 2% risk of failure)
Press: ? - help, Shift-Dir - straight line, f/p - ice beast
Aim: an ice beast (heavily wounded, 21% to evade)
The searing ray hits the ice beast.
The ice beast is severely wounded. (Press . to maintain the ray.)
The ice beast closely misses you. x2
You are too injured to fight recklessly!
Unknown command.
You hit the ice beast but do no damage.
The ice beast is severely wounded.
The ice beast hits you.
* * * LOW HITPOINT WARNING * * *
The ice beast freezes you!
You die...

###...###.#P./.P#..##
#.........#8.©.8#..+.
#.#...###.#######..##
#.##..# #....©....##
#.#...# #.##.....##
#.#.### #.###...##
#.#.# #.# ##'##
#.#.#####.# #.#
#..Y@.....# #.#
###.###.### ##.##
#......# ##...##
#####.## #.....#
#.####.....####
#..............
######.....####
#.....# #######


You could see an ice beast.

Vanquished Creatures
  An orc wizard (D:3)
  3 adders
  2 worms (D:3)
  3 dart slugs (D:3)
  6 leopard geckos
  3 orcs
  6 bats
  5 giant cockroaches
  9 goblins
  7 hobgoblins
  8 jackals
  A quokka (D:3)
  A ball python (D:3)
  4 frilled lizards
  4 kobolds
  12 rats
75 creatures vanquished.

Notes
Turn   | Place    | Note
-------+----------+-------------------------------------------
     0 | D:1      | oldmanjim the Draconian Conjurer began the quest for the
                  | Orb.
     0 | D:1      | Reached XP level 1. HP: 14/14 MP: 3/3
   280 | D:1      | Reached XP level 2. HP: 20/20 MP: 3/5
  1343 | D:2      | Learned a level 2 spell: Searing Ray
  1357 | D:2      | Reached XP level 3. HP: 26/26 MP: 4/6
  3165 | D:3      | Reached XP level 4. HP: 33/33 MP: 3/7
  3225 | D:3      | Reached skill level 5 in Conjurations
  4368 | D:3      | Reached XP level 5. HP: 38/38 MP: 2/9
  4558 | D:4      | Found a transporter.
  4642 | D:4      | Found a transporter.
  4706 | D:4      | Noticed a phantom
  4764 | D:4      | Found Ituet's Weapon Shop.
  4765 | D:4      | Noticed an ice beast
  4783 | D:4      | HP: 1/38 [ice beast (13)]
  5097 | D:4      | Slain by an ice beast

Illustrated notes

Levels and vault maps discovered:
D:1:      evilmike_arrival_fibonacci_small, layout_basic, minmay_unequal
D:2:      layout_loops_cross
D:3:      layout_basic
D:4:      gammafunk_steamed_eel, layout_loops_corners, serial_shops,
          kennysheep_little_box, shop, shop

Skill      XL: |  1  2  3  4 |
---------------+-------------+-----
Dodging        | 2 |  2.0
Stealth        | 2 |  2.8
Conjurations   | 5 |  5.4
Spellcasting   | |  2.8

Action                   |  1- 3 |  4- 6 || total
-------------------------+-------+-------++-------
Melee: Dagger            |    75 |    41 ||   116
       Tailslap          |     2 |     4 ||     6
 Cast: Magic Dart        |    75 |    38 ||   113
       Searing Ray       |     5 |    18 ||    23
Armor: Skin              |    19 |    10 ||    29
Dodge: Dodged            |    56 |    30 ||    86
